AoeStats
← Livakovic

Arena

506742292Analyzed
1v1 RM · 18d ago on Sep 14, 2026· 43m 42s· 2 players
Game mode
Random Map
Map size
Tiny (2 player)
Population
200
Speed
Normal
Resources
Standard
Victory
Conquest
Starting age
Dark Age
Ending age
Imperial Age
RankedLock teamsTeams togetherTeam positionsShared explorationLock speedFull tech treeHidden civsTurbo modeCheats
Victory
Defeat
🇦🇷 Byzantines · Argentina
711
+16
🇩🇪 Britons · Germany
718
-16
Livakovic
10:21 Feudal Age
11:15 Double-Bit Axe
11:50 Horse Collar
21:32 Castle Age
19:14 Man-at-Arms
22:11 Forging
24:14 Bow Saw
24:10 Heavy Plow
24:23 Elite Skirmisher
25:21 Pikeman
29:16 Squires
29:02 Arson
29:15 Fletching
29:27 Padded Archer Armor
30:26 Wheelbarrow
29:37 Loom
32:20 Ballistics
36:05 Imperial Age
34:11 Bodkin Arrow
34:34 Leather Archer Armor
36:50 Hand Cart
37:14 Thumb Ring
36:36 Halberdier
39:02 Chemistry
38:35 Conscription
39:12 Crop Rotation
39:00 Treadmill Crane
39:16 Murder Holes
39:32 Fortified Wall
40:32 Ring Archer Armor
42:16 Gold Mining
43:32 Bracer
oredne
4:27 Loom
11:21 Feudal Age
12:52 Double-Bit Axe
12:56 Horse Collar
16:08 Wheelbarrow
17:52 Castle Age
17:43 Man-at-Arms
19:51 Bow Saw
22:24 Long Swordsman
27:01 Fletching
28:35 Wheelbarrow
28:17 Heavy Plow
28:30 Gold Mining
30:09 Bodkin Arrow
30:34 Stone Mining
32:49 Yeomen
34:08 Hand Cart
39:51 Imperial Age
37:52 Masonry
38:05 Ballistics
38:29 Padded Archer Armor
40:51 Bracer
41:07 Leather Archer Armor
43:54 Chemistry
43:26 Architecture
Connection lost

Rejoining the realm…

Still unreachable

The connection could not be restored.

Session expired

The server has moved on; the page needs a fresh start.